[Event "*** SCC Grand Prix: Titled Tuesday Blitz"]
[Site "Chess.com"]
[Date "2020.08.11"]
[Round "10"]
[White "Kavyev_Ruslan"]
[Black "CzechmVIII"]
[Result "1-0"]
[WhiteElo "2450"]
[BlackElo "2184"]
[TimeControl "180+1"]
[EndTime "11:56:44 PDT"]
[Termination "Kavyev_Ruslan won on time"]

1. e4 c5 2. Nf3 d6 3. d4 cxd4 4. Nxd4 Nf6 5. Nc3 g6 6. Be3 Bg7 7. f3 Nc6 8. Bc4 O-O 9. Qd2 Bd7 10. O-O-O Rc8 11. Bb3 Ne5 12. Kb1 Nc4 13. Bxc4 Rxc4 14.
g4 b5 15. b3 b4 16. bxc4 bxc3 17. Qxc3 Qc7 18. Ka1 Rc8 19. Rb1 d5 20. g5 Nh5 21.
exd5 Nf4 22. Rhd1 Nxd5 23. Qd3 Nxe3 24. Qxe3 Qxc4 25. Qd3 Qa4 26. c3 Bf5 27. Nxf5 gxf5 28. Rdc1 Qa5 29. Rb3 Be5 30. Kb1 Kg7 31. Qxf5 Rc5 32.
Qd3 f6 33. gxf6+ Bxf6 34. Rg1+ Kf8 35. Qxh7 1-0

[Event "*** SCC Grand Prix: Titled Tuesday Blitz"]
[Site "Chess.com"]
[Date "2020.08.11"]
[Round "10"]
[White "ChessicallyInclined"]
[Black "MarceloPlaya"]
[Result "1-0"]
[WhiteElo "2479"]
[BlackElo "2337"]
[TimeControl "180+1"]
[EndTime "11:56:44 PDT"]
[Termination "ChessicallyInclined won by resignation"]

1. d4 e6 2. c4 Nf6 3. Nc3 Bb4 4. e3 O-O 5. Ne2 c5 6. a3 Bxc3+ 7. Nxc3 d6 8. d5 e5 9. e4 Ne8 10. Be2 f5 11. exf5 Bxf5 12. Be3 Nd7 13. O-O Ndf6 14.
b4 b6 15. Qb3 Rb8 16. a4 Nc7 17. a5 bxa5 18. b5 Ne4 19. Nxe4 Bxe4 20. Rxa5 Nxd5 21. Rxa7 Nf4 22. Bxf4 Rxf4 23. Qg3 Qf6 24. Rd1 Rf5 25.
Rxd6 Qg5 26. Rdd7 Qxg3 27. hxg3 Rg5 28. Rac7 Ra8 29. f3 Bf5 30. Re7 Rxg3 31. Kf2 Rg6 32. Rxe5 Bb1 33. Rcxc5 h6 34. Rc7 Ra2 35. c5 Bd3 36. b6 Rg5 37. Re3 Bxe2 38. Rxe2 Rxg2+ 39. Kxg2 Rxe2+ 40. Kg3 Rb2 41. b7 Kh7 42. c6 h5 43.
Rc8 g5 44. b8=Q h4+ 45. Kh3 Rg2 46. Kxg2 1-0

[Event "*** SCC Grand Prix: Titled Tuesday Blitz"]
[Site "Chess.com"]
[Date "2020.08.11"]
[Round "10"]
[White "chenxiaoyuer"]
[Black "annamaja"]
[Result "0-1"]
[WhiteElo "2421"]
[BlackElo "2268"]
[TimeControl "180+1"]
[EndTime "11:56:46 PDT"]
[Termination "annamaja won by checkmate"]

1. e4 e6 2. d4 d5 3. Nd2 Nf6 4. e5 Nfd7 5. Bd3 c5 6. c3 Nc6 7. Ngf3 cxd4 8. cxd4 f6 9. exf6 Qxf6 10. O-O Bd6 11. Re1 O-O 12. Bxh7+ Kxh7 13. Rxe6 Bxh2+ 14. Kxh2 Qf4+ 15. g3 Qg4 16. Kg2 Nxd4 17. Qh1+ Kg8 18. Nxd4 Qxd4 19. Nf3 Rxf3 20. Kxf3 Ne5+ 21. Rxe5 Qxe5 22.
Qh4 Bf5 23. Kg2 Be4+ 24. Kg1 Rf8 25. Be3 Qxb2 26. Rc1 Qe2 27. Rc7 Qd1+ 28. Kh2 Qh1# 0-1

[Event "*** SCC Grand Prix: Titled Tuesday Blitz"]
[Site "Chess.com"]
[Date "2020.08.11"]
[Round "10"]
[White "TimKett"]
[Black "creativity"]
[Result "1-0"]
[WhiteElo "2195"]
[BlackElo "2000"]
[TimeControl "180+1"]
[EndTime "11:56:46 PDT"]
[Termination "TimKett won on time"]

1. e4 e5 2. f4 exf4 3. Nf3 c6 4.
d4 g5 5. h4 g4 6. Ng5 d5 7.
Bxf4 h6 8. Nxf7 Kxf7 9. Nc3 Bb4 10.
Be2 h5 11. O-O Ke8 12. exd5 Bxc3 13. bxc3 cxd5 14. c4 Qxh4 15. g3 Qd8 16. cxd5 Qxd5 17. c4 Qa5 18. Qd3 Bf5 19. Qe3+ Kd7 20. Qe5 Qxe5 21.
Bxe5 Rh6 22. Rxf5 Nc6 23. Rf7+ Nge7 24. Raf1 Nxe5 25. dxe5 Ke6 26. R7f6+ Rxf6 27. exf6 Ng6 28. c5 Ne5 29. f7 Rf8 30. Bd1 Nxf7 31. Bb3+ Ke7 32.
Rf5 1-0

[Event "*** SCC Grand Prix: Titled Tuesday Blitz"]
[Site "Chess.com"]
[Date "2020.08.11"]
[Round "10"]
[White "OK97"]
[Black "sodastream007"]
[Result "1/2-1/2"]
[WhiteElo "2831"]
[BlackElo "2274"]
[TimeControl "180+1"]
[EndTime "11:56:47 PDT"]
[Termination "Game drawn by agreement"]

1. c4 c6 2. d4 d5 3. Nf3 Nf6 4.
Qb3 e6 5. Bg5 dxc4 6. Qxc4 Nbd7 7. Nc3 Nb6 8. Qd3 Be7 9. e4 h6 10. Bh4 O-O 11. Be2 c5 12. e5 Nfd5 13. Bxe7 Qxe7 14. O-O Nf4 15. Qe4 Nxe2+ 16. Nxe2 cxd4 17. Nexd4 Nd5 18. Rac1 b6 19. Nc6 Qd7 20. b4 Bb7 21. b5 a6 22. a4 axb5 23. axb5 Rfc8 24. Nfd4 Ra4 25. Qe2 Nf4 26. Qg4 Rxd4 27. Nxd4 Rxc1 28. Qxf4 Rxf1+ 29. Kxf1 Qd5 30. f3 Qc4+ 31. Kf2 Bd5 32. h4 Qa2+ 33. Kg3 Bc4 1/2-1/2

[Event "*** SCC Grand Prix: Titled Tuesday Blitz"]
[Site "Chess.com"]
[Date "2020.08.11"]
[Round "10"]
[White "floplover"]
[Black "korbul"]
[Result "0-1"]
[WhiteElo "2287"]
[BlackElo "2543"]
[TimeControl "180+1"]
[EndTime "11:56:48 PDT"]
[Termination "korbul won by checkmate"]

1. d4 Nf6 2. c4 e6 3. Nc3 Bb4 4. Qc2 O-O 5. e4 d6 6. e5 dxe5 7. dxe5 Ng4 8. Nf3 Nc6 9. Bf4 Nd4 10. Qe4 c5 11. Rd1 f5 12. Qb1 Qa5 13. Qc1 b5 14. h3 Nh6 15. Bxh6 gxh6 16. Nxd4 cxd4 17. Rxd4 Bb7 18. Be2 Bc5 19. Rd7 Bc6 20. Rd3 b4 21.
Rg3+ Kh8 22. Qxh6 Rf7 23. Nd1 b3+ 24. Nc3 bxa2 25. O-O a1=Q 26. Rxa1 Qxa1+ 27. Kh2 Bxf2 28. Rg5 Qg1# 0-1

[Event "*** SCC Grand Prix: Titled Tuesday Blitz"]
[Site "Chess.com"]
[Date "2020.08.11"]
[Round "10"]
[White "queen_iryna"]
[Black "Ariadna_Atreides"]
[Result "1-0"]
[WhiteElo "2247"]
[BlackElo "2053"]
[TimeControl "180+1"]
[EndTime "11:56:49 PDT"]
[Termination "queen_iryna won by resignation"]

1. Nf3 d5 2. c4 c6 3. b3 Nf6 4.
Bb2 g6 5. g3 Bg7 6. d3 Nbd7 7.
Nbd2 O-O 8. Bg2 Re8 9. O-O e5 10. cxd5 Nxd5 11. Nc4 b5 12. Nd6 Re6 13. Nxc8 Rxc8 14. Nd2 f5 15. Rc1 N7f6 16. a3 a6 17. Rc5 Bf8 18. Rc2 Qb6 19. Qa1 Qb8 20. Rfc1 Kf7 21.
Nf3 Bd6 22. Ng5+ Ke7 23. Nxe6 Kxe6 24. Rxc6 Rxc6 25. Rxc6 Qb7 26. Rxd6+ Kxd6 27. Bxe5+ Ke6 28. Bxf6 Qc6 29. Qe5+ Kf7 30. Bxd5+ 1-0

[Event "*** SCC Grand Prix: Titled Tuesday Blitz"]
[Site "Chess.com"]
[Date "2020.08.11"]
[Round "10"]
[White "Bigfish1995"]
[Black "chargemax23"]
[Result "1-0"]
[WhiteElo "2947"]
[BlackElo "2657"]
[TimeControl "180+1"]
[EndTime "11:56:51 PDT"]
[Termination "Bigfish1995 won by resignation"]

1. d4 Nf6 2. Bg5 Ne4 3. Bf4 d5 4. e3 g6 5. c4 c6 6. Bd3 Qa5+ 7. Kf1 Nd6 8. cxd5 cxd5 9. Bxd6 exd6 10. Nc3 Nc6 11. Qb3 Bg7 12. Qxd5 Qb6 13. Qb5 Qxb5 14. Nxb5 O-O 15. Nxd6 Be6 16. a3 Rab8 17. Nf3 Rfd8 18.
Ne4 h6 19. Rc1 f5 20. Nc5 Bf7 21. Bc4 f4 22. Bxf7+ Kxf7 23. Ke2 fxe3 24. fxe3 Re8 25. Kd3 g5 26. Rhf1 Kg6 27. b4 Re7 28. Nxb7 Nxb4+ 29.
axb4 Rexb7 30. Rc6+ Kh7 31. Rb1 Rxb4 32. Rxb4 Rxb4 33.
Ra6 Rb2 34. Nd2 Rb7 35. Nc4 g4 36. Ke4 h5 37. Kd5 Rf7 38. Ra2 Bh6 39. e4 Rd7+ 40. Nd6 Bf8 41. e5 Kg6 42. Kc6 Re7 43. Nc8 Rf7 44.
e6 Rf1 45. e7 Rc1+ 46. Kd7 Rxc8 47. Kxc8 Bxe7 48. Rxa7 Bf6 49. d5 Be5 50. d6 1-0

[Event "*** SCC Grand Prix: Titled Tuesday Blitz"]
[Site "Chess.com"]
[Date "2020.08.11"]
[Round "10"]
[White "Gulkov_Igor"]
[Black "chess94cu"]
[Result "1-0"]
[WhiteElo "2433"]
[BlackElo "2570"]
[TimeControl "180+1"]
[EndTime "11:56:54 PDT"]
[Termination "Gulkov_Igor won by resignation"]

1. Nf3 Nf6 2. c4 e6 3. Nc3 d5 4. d4 Nbd7 5. cxd5 exd5 6. Bf4 c6 7. e3 Nh5 8. Be5 Nxe5 9. Nxe5 Nf6 10. Bd3 Bd6 11. O-O Qe7 12. f4 g6 13. Qf3 O-O 14.
Rae1 Ne8 15. e4 dxe4 16. Bxe4 Ng7 17. Nxc6 Qc7 18. Ne5 a6 19. Rc1 Qd8 20. Bxb7 Bxb7 21. Qxb7 Nf5 22. Qe4 Qb6 23. Nc4 Qb8 24. Nxd6 Qxd6 25. d5 Rfe8 26. Qd3 Re3 27. Qd2 Rae8 28. Kh1 Qe7 29. Qf2 h5 30. Rcd1 h4 31. d6 Nxd6 32.
Nd5 1-0

[Event "*** SCC Grand Prix: Titled Tuesday Blitz"]
[Site "Chess.com"]
[Date "2020.08.11"]
[Round "10"]
[White "Klavdia_Nik"]
[Black "gusmaster2262"]
[Result "0-1"]
[WhiteElo "2048"]
[BlackElo "2205"]
[TimeControl "180+1"]
[EndTime "11:56:55 PDT"]
[Termination "gusmaster2262 won on time"]

1. Nf3 Nf6 2. c4 g6 3. b3 Bg7 4.
Bb2 O-O 5. g3 c6 6. Bg2 d5 7. O-O a5 8. Nc3 d4 9. Na4 Ne8 10. c5 e5 11. d3 Nd7 12. Nd2 Qe7 13.
Rc1 f5 14. Qc2 Nef6 15. Qc4+ Kh8 16. Ba3 g5 17. Qc2 g4 18. Nc4 h5 19. Nd6 Qe6 20.
Qd2 Nh7 21. Rc2 Bh6 22. Qd1 h4 23. Nb6 Nxb6 24. cxb6 Bg7 25. Nxc8 Raxc8 0-1

[Event "*** SCC Grand Prix: Titled Tuesday Blitz"]
[Site "Chess.com"]
[Date "2020.08.11"]
[Round "10"]
[White "Lenyas66"]
[Black "CrazyMartian"]
[Result "1-0"]
[WhiteElo "2479"]
[BlackElo "2346"]
[TimeControl "180+1"]
[EndTime "11:56:56 PDT"]
[Termination "Lenyas66 won on time"]

1. e4 c5 2. Nf3 d6 3. Bb5+ Bd7 4.
Bxd7+ Nxd7 5. O-O Ngf6 6. Qe2 e6 7. c3 Be7 8. d4 cxd4 9. cxd4 d5 10. e5 Ne4 11.
Be3 Rc8 12. Ne1 Qb6 13. f3 Bg5 14. Nd3 Bxe3+ 15. Qxe3 Ng5 16. h4 Nxf3+ 17. Rxf3 Rc2 18.
Na3 Rc6 19. Raf1 O-O 20. Nf4 Qxb2 21. Nh5 h6 22. Rg3 g6 23. Nf6+ Nxf6 24. exf6 Kh7 25.
h5 Rg8 26. Qd3 1-0

[Event "*** SCC Grand Prix: Titled Tuesday Blitz"]
[Site "Chess.com"]
[Date "2020.08.11"]
[Round "10"]
[White "Alberquintin"]
[Black "Sadykov_Ramil"]
[Result "0-1"]
[WhiteElo "2523"]
[BlackElo "2434"]
[TimeControl "180+1"]
[EndTime "11:56:59 PDT"]
[Termination "Sadykov_Ramil won by resignation"]

1. e4 c5 2. Nf3 e6 3. d4 cxd4 4.
Nxd4 Nf6 5. Nc3 Nc6 6. a3 Be7 7. Be2 d5 8. exd5 Nxd5 9. Nxd5 exd5 10. O-O O-O 11. Be3 Bf6 12. c3 Re8 13. Bb5 Bd7 14. Nxc6 bxc6 15. Bd3 g6 16. Rc1 Bg5 17. Bxg5 Qxg5 18.
Qf3 Re7 19. Qg3 Qxg3 20. hxg3 Rae8 21. b4 Re5 22. Rcd1 Bf5 23. Bxf5 Rxf5 24. Rfe1 Rfe5 25.
Kf1 Kf8 26. Rxe5 Rxe5 27. Re1 Rh5 28. g4 Rh1+ 29. Ke2 Rh4 30. Kf3 h5 31. gxh5 Rxh5 32. Re2 Rh4 33. Ke3 Ke7 34. g3 Rh1 35. Kd4+ Kd6 36.
Re8 Rd1+ 0-1

[Event "*** SCC Grand Prix: Titled Tuesday Blitz"]
[Site "Chess.com"]
[Date "2020.08.11"]
[Round "10"]
[White "anon569"]
[Black "paulrusan"]
[Result "0-1"]
[WhiteElo "2319"]
[BlackElo "2215"]
[TimeControl "180+1"]
[EndTime "11:56:59 PDT"]
[Termination "paulrusan won by resignation"]

1. e4 g6 2. d4 Bg7 3. Nc3 d6 4.
Nf3 a6 5. Bf4 b5 6. Bd3 Bg4 7.
Ne2 Bxf3 8. gxf3 c5 9. c3 Nc6 10. Be3 c4 11. Bc2 Nf6 12. Ng3 O-O 13. f4 e5 14. fxe5 dxe5 15. d5 Nb8 16. O-O Nbd7 17. a4 Ne8 18. axb5 axb5 19. Qd2 Nd6 20. Bh6 Qh4 21.
Bxg7 Kxg7 22. f4 Rxa1 23. Rxa1 exf4 24. Qd4+ f6 25. Nf1 Rf7 26. Bd1 Qe1 27. Ra6 Nxe4 28. Re6 Ne5 29. Rxe5 fxe5 30. Qxe5+ Kh6 31. Qxe4 Qxe4 0-1

[Event "*** SCC Grand Prix: Titled Tuesday Blitz"]
[Site "Chess.com"]
[Date "2020.08.11"]
[Round "10"]
[White "stolencandy13"]
[Black "Gorin_Leonid"]
[Result "0-1"]
[WhiteElo "2419"]
[BlackElo "2610"]
[TimeControl "180+1"]
[EndTime "11:57:00 PDT"]
[Termination "Gorin_Leonid won by resignation"]

1. e4 e5 2. Nf3 Nc6 3. Nc3 Nf6 4. d4 Bb4 5. d5 Bxc3+ 6. bxc3 Nb8 7. Bd3 d6 8. h3 Nbd7 9. O-O Nc5 10. Be3 Nfxe4 11. c4 O-O 12. Nd2 Nxd2 13. Qxd2 Nxd3 14. cxd3 b6 15.
a4 a5 16. f4 exf4 17. Rxf4 Bd7 18. Bd4 f5 19. Qf2 Qg5 20. Rf3 Rf7 21. Rg3 Qh6 22. Rf3 Raf8 23. Rf4 g5 24. Rf3 Qg6 25. Bc3 h6 26. Qd4 Kh7 27. Re1 f4 28. Ref1 g4 29.
hxg4 Qxg4 30. Rh3 Rg8 31. Rh2 f3 32. Qxg4 Rxg4 33. Kh1 fxg2+ 34. Rxg2 Rxf1+ 35. Kh2 0-1

[Event "*** SCC Grand Prix: Titled Tuesday Blitz"]
[Site "Chess.com"]
[Date "2020.08.11"]
[Round "10"]
[White "anskam"]
[Black "Srchesschilango"]
[Result "0-1"]
[WhiteElo "1568"]
[BlackElo "2237"]
[TimeControl "180+1"]
[EndTime "11:57:01 PDT"]
[Termination "Srchesschilango won by checkmate"]

1. e4 c6 2. d4 d5 3. Nc3 dxe4 4. Nxe4 Nf6 5. Nxf6+ exf6 6. Nf3 Bd6 7. Bd3 O-O 8.
O-O Bg4 9. Re1 Qc7 10. h3 Bh5 11. c3 Nd7 12. Be3 Rfe8 13. g4 Bg6 14. Bxg6 hxg6 15.
Qb3 Nb6 16. c4 c5 17. d5 Nd7 18. Kg2 f5 19. gxf5 gxf5 20. Qd3 Re4 21. Nd2 Ne5 22. Qc2 Rh4 23. Qxf5 g6 24. Qg5 Rh5 25.
Qg4 Nxg4 26. hxg4 Rh2+ 27. Kf3 Re8 28. Ne4 Be5 29. Rab1 f5 30. gxf5 gxf5 31. Ng5 f4 32.
Bd2 Qg7 33. Rg1 Kh8 34. Rg4 Qg6 35. Rbg1 Qd3+ 36. Be3 Rxf2+ 37. Kxf2 fxe3+ 38. Kg2 Qe2+ 39. Kh1 Qh2# 0-1

[Event "*** SCC Grand Prix: Titled Tuesday Blitz"]
[Site "Chess.com"]
[Date "2020.08.11"]
[Round "10"]
[White "Beca95"]
[Black "PIwan"]
[Result "1-0"]
[WhiteElo "2889"]
[BlackElo "2541"]
[TimeControl "180+1"]
[EndTime "11:57:02 PDT"]
[Termination "Beca95 won on time"]

1. d4 d5 2. Nf3 Nf6 3. c4 dxc4 4. e3 b5 5. a4 b4 6. Bxc4 e6 7. O-O Bb7 8. Qe2 Be7 9. b3 O-O 10. Bb2 Nbd7 11. Nbd2 c5 12. Rfd1 Rc8 13. e4 cxd4 14. Nxd4 Nc5 15. f3 Qc7 16. Nf1 a6 17. Rac1 Qb6 18. Kh1 Rfd8 19. Ne3 Bf8 20. e5 Nd5 21. Nxd5 Bxd5 22. f4 Ne4 23. Bxd5 exd5 24. Rxc8 Rxc8 25. g3 Bc5 26. Kg2 Nc3 27. Bxc3 bxc3 28. Nf5 d4 29. Qg4 Qg6 30. Ne7+ Bxe7 31. Qxc8+ Bf8 32. Rxd4 Qc2+ 33.
Kh3 Qe2 34. Qc4 Qe1 35. Rd7 Kh8 36. Rxf7 1-0

[Event "*** SCC Grand Prix: Titled Tuesday Blitz"]
[Site "Chess.com"]
[Date "2020.08.11"]
[Round "10"]
[White "Maksimus1998"]
[Black "crossingthestreet"]
[Result "1-0"]
[WhiteElo "2527"]
[BlackElo "2404"]
[TimeControl "180+1"]
[EndTime "11:57:05 PDT"]
[Termination "Maksimus1998 won by checkmate"]

1. e4 e6 2. d4 d5 3. Nc3 Nf6 4.
Bg5 Bb4 5. exd5 Qxd5 6. Bxf6 gxf6 7. Qd2 Qa5 8. Nge2 Nc6 9. g3 Bd7 10. Bg2 O-O-O 11. O-O h5 12. a3 Bxc3 13. Nxc3 h4 14. d5 Ne5 15. b4 Qb6 16. Qf4 hxg3 17. hxg3 Rdg8 18. Rad1 Ng4 19. dxe6 fxe6 20. Qd4 Bc6 21. Qxb6 axb6 22. b5 Bxg2 23. Kxg2 Rh2+ 24. Kf3 Ne5+ 25.
Ke3 Ng4+ 26. Ke2 Rg5 27. Ne4 Re5 28. Kf3 f5 29. Ng5 Rxb5 30. Nxe6 Kb8 31. Rd8+ Ka7 32. Ra8+ Kxa8 33. Nxc7+ Kb8 34. Nxb5 Ne5+ 35. Ke2 Nc4 36.
Rd1 Rh6 37. Rd8# 1-0

[Event "*** SCC Grand Prix: Titled Tuesday Blitz"]
[Site "Chess.com"]
[Date "2020.08.11"]
[Round "10"]
[White "Na_binci"]
[Black "zala02"]
[Result "0-1"]
[WhiteElo "2003"]
[BlackElo "2190"]
[TimeControl "180+1"]
[EndTime "11:57:05 PDT"]
[Termination "zala02 won by resignation"]

1. d4 Nf6 2. c4 e6 3. Nf3 d5 4. Bg5 Be7 5. g3 O-O 6. Bg2 dxc4 7. O-O Bd7 8. Ne5 Bc6 9. Nxc6 Nxc6 10. Bxc6 bxc6 11. e3 h6 12. Bxf6 Bxf6 13. Nd2 c5 14. Nf3 cxd4 15. exd4 c5 16. Rc1 cxd4 17. Rxc4 Qd5 18.
Qd3 e5 19. Nd2 Be7 20. Re1 f5 21. Rec1 Rad8 22. Nb3 Rd7 23. f4 Bd6 24. fxe5 Bxe5 25.
Rc5 Qd6 26. Qc4+ Kh8 27. Rd5 Qxd5 0-1

[Event "*** SCC Grand Prix: Titled Tuesday Blitz"]
[Site "Chess.com"]
[Date "2020.08.11"]
[Round "10"]
[White "Orest_Vovk"]
[Black "keepitcool9499"]
[Result "0-1"]
[WhiteElo "2462"]
[BlackElo "2654"]
[TimeControl "180+1"]
[EndTime "11:57:07 PDT"]
[Termination "keepitcool9499 won on time"]

1. h4 e6 2. h5 d5 3. e4 dxe4 4. Nc3 f5 5. d3 Nf6 6. Bg5 h6 7. Bxf6 Qxf6 8. dxe4 Bb4 9. Qd3 fxe4 10. Qb5+ Nc6 11.
Ne2 O-O 12. O-O-O Qxf2 13. a3 Bxc3 14. Nxc3 Nd4 15. Qa4 c5 16. Nxe4 Qf4+ 17. Kb1 Qxe4 18. Bd3 Qxg2 19. Rhg1 Qc6 20. Qa5 b6 21. Qd2 Rf6 22.
Rdf1 Rxf1+ 23. Bxf1 e5 24. Rg6 Qh1 25. Qe1 Be6 26. c3 Bf5+ 27. Ka1 Nc2+ 0-1

[Event "*** SCC Grand Prix: Titled Tuesday Blitz"]
[Site "Chess.com"]
[Date "2020.08.11"]
[Round "10"]
[White "c_r_e_e_p_e_r"]
[Black "HouseOfDurin"]
[Result "1-0"]
[WhiteElo "2321"]
[BlackElo "2071"]
[TimeControl "180+1"]
[EndTime "11:57:07 PDT"]
[Termination "c_r_e_e_p_e_r won by resignation"]

1. e4 c5 2. Nf3 Nc6 3. d4 cxd4 4. Nxd4 e5 5. Nb5 d6 6. N1c3 a6 7. Na3 b5 8. Nd5 Nf6 9. Bg5 Be7 10. Nxe7 Qxe7 11. c4 b4 12. Nc2 O-O 13. Ne3 Be6 14.
b3 Nd4 15. f3 h6 16. Bh4 g5 17. Bf2 Nh5 18. Bd3 Ng7 19. O-O f5 20. exf5 Ngxf5 21. Nxf5 Nxf5 22. Re1 Kg7 23. c5 dxc5 24. Rxe5 Qd6 25.
Qe2 Rad8 26. Bxa6 Nd4 27. Qe1 Nc2 28. Rxe6 Nxe1 29. Rxd6 Rxd6 30. Bxc5 Rxa6 31. Bxf8+ Kxf8 32. Rxe1 Rxa2 33. Re4 Ra1+ 34. Kf2 Ra2+ 35. Kg3 Kg7 36. Rxb4 Kg6 37. Rb6+ Kh5 38. Kh3 g4+ 39. fxg4+ Kg5 40. b4 Rb2 41. b5 Rb4 42. Rb8 Kg6 43. b6 Kg7 44. b7 Rb3+ 45. g3 Rb2 46. g5 h5 47. g4 hxg4+ 48. Kxg4 Rxh2 49. Rg8+ Kxg8 50. b8=Q+ Kg7 51. Qxh2 Kg8 1-0

[Event "*** SCC Grand Prix: Titled Tuesday Blitz"]
[Site "Chess.com"]
[Date "2020.08.11"]
[Round "10"]
[White "eljanov"]
[Black "Kildepiotr"]
[Result "0-1"]
[WhiteElo "2792"]
[BlackElo "2659"]
[TimeControl "180+1"]
[EndTime "11:57:08 PDT"]
[Termination "Kildepiotr won on time"]

1. e4 g6 2. d4 Bg7 3. Nc3 c6 4. f4 d5 5. e5 Nh6 6. Nf3 Bg4 7. Be3 Nf5 8. Bf2 h5 9. h3 Bxf3 10. Qxf3 h4 11. Bd3 e6 12. O-O-O Bf8 13. Kb1 Nd7 14.
Ne2 b5 15. g4 hxg3 16. Nxg3 Nh4 17. Qg4 Be7 18. Nf1 Qc7 19. Nd2 O-O-O 20. Nb3 a5 21.
Be1 b4 22. Bf2 Qb6 23. Rc1 a4 24. Nc5 Nxc5 25. dxc5 Qa5 26. c4 bxc3 27. Rxc3 Kc7 28. a3 Rb8 29. Ka2 Rb3 30. Rxb3 axb3+ 31. Kb1 Nf5 32.
Bxf5 gxf5 33. Qg7 Qa4 34. Re1 Rxh3 35. Qxf7 Kd7 36. Qg8 Qxf4 37. Qa8 Qxf2 38. Qb7+ Ke8 39. Qxc6+ Kf7 0-1

[Event "*** SCC Grand Prix: Titled Tuesday Blitz"]
[Site "Chess.com"]
[Date "2020.08.11"]
[Round "10"]
[White "guillembaches"]
[Black "SilviusTiberius"]
[Result "0-1"]
[WhiteElo "2407"]
[BlackElo "2528"]
[TimeControl "180+1"]
[EndTime "11:57:08 PDT"]
[Termination "SilviusTiberius won on time"]

1. e4 c5 2. Nf3 Nc6 3. d4 cxd4 4. Nxd4 Nf6 5. Nc3 d6 6. Bg5 e6 7. Qd2 Be7 8. O-O-O Nxd4 9. Qxd4 O-O 10. f3 a6 11. Bd3 b5 12. h4 h6 13. Bd2 e5 14.
Qf2 Be6 15. Kb1 b4 16. Na4 Qa5 17. b3 d5 18. g4 dxe4 19. fxe4 Nxg4 20. Qg3 h5 21.
Nb2 Qc5 22. Nc4 a5 23. Rhf1 a4 24. Bg5 f6 25. Bc1 Rfd8 26. Ne3 axb3 27. cxb3 Qa7 28. Rf2 Nxf2 29. Qxf2 Bc5 30. Rg1 Rxd3 0-1

[Event "*** SCC Grand Prix: Titled Tuesday Blitz"]
[Site "Chess.com"]
[Date "2020.08.11"]
[Round "10"]
[White "sertalzin"]
[Black "vrekhson"]
[Result "0-1"]
[WhiteElo "1855"]
[BlackElo "2155"]
[TimeControl "180+1"]
[EndTime "11:57:08 PDT"]
[Termination "vrekhson won on time"]

1. d4 Nf6 2. c4 c5 3. d5 b5 4. cxb5 a6 5. bxa6 g6 6. Nc3 Bxa6 7. e4 Bxf1 8. Kxf1 d6 9. g3 Bg7 10. Kg2 O-O 11. Nf3 Qa5 12. a4 Nbd7 13. Bd2 Qb4 14.
Qe2 Ng4 15. Rhb1 Rfb8 16. Nb5 Qb3 17. Ne1 Rxa4 18. Rxa4 Qxa4 19. Nc3 Bxc3 20. Bxc3 Ngf6 21. f3 h5 22. h4 Ne5 23. Nd3 Qc4 24. Nc1 Qxe2+ 25.
Nxe2 Nc4 26. Kf2 Nd7 27. f4 f5 28. exf5 gxf5 29. Ng1 Kf7 30. Nf3 Nf6 31. Ng5+ Kg6 32. Bxf6 Kxf6 33. b3 Nd2 34. Re1 Ne4+ 0-1

[Event "*** SCC Grand Prix: Titled Tuesday Blitz"]
[Site "Chess.com"]
[Date "2020.08.11"]
[Round "10"]
[White "olksuna"]
[Black "lucachess49"]
[Result "1-0"]
[WhiteElo "2643"]
[BlackElo "2454"]
[TimeControl "180+1"]
[EndTime "11:57:10 PDT"]
[Termination "olksuna won on time"]

1. e4 e5 2. Nf3 Nc6 3. d4 exd4 4. Bc4 Nf6 5. O-O Nxe4 6. Re1 d5 7. Bxd5 Qxd5 8.
Nc3 Qa5 9. Nxe4 Be6 10. Bd2 Qh5 11. Bg5 Be7 12. Bxe7 Nxe7 13. Nxd4 Qxd1 14. Raxd1 O-O-O 15. Ng5 h6 16. Ngxe6 fxe6 17. Nxe6 Rxd1 18. Rxd1 g5 19.
f3 c6 20. Kf2 Nd5 21. c4 Nf6 22. Nc5 Re8 23. b3 b6 24. Nd3 c5 25. Re1 Rd8 26.
Re3 g4 27. Ke2 gxf3+ 28. gxf3 Nh5 29. Re5 Ng7 30. f4 Rf8 31. Re7 Nf5 32. Rxa7 Nd4+ 33. Ke3 Re8+ 34. Ne5 Kb8 35. Rh7 Kc8 36. Ke4 1-0

[Event "*** SCC Grand Prix: Titled Tuesday Blitz"]
[Site "Chess.com"]
[Date "2020.08.11"]
[Round "10"]
[White "Nemsko"]
[Black "Ind1anStar"]
[Result "1-0"]
[WhiteElo "2362"]
[BlackElo "2494"]
[TimeControl "180+1"]
[EndTime "11:57:10 PDT"]
[Termination "Nemsko won on time"]

1. e4 e6 2. d4 d5 3. Nc3 Nf6 4.
e5 Nfd7 5. f4 c5 6. Nf3 Nc6 7.
Be3 Be7 8. Qd2 O-O 9. O-O-O b6 10.
g4 c4 11. f5 b5 12. f6 gxf6 13. Bh6 b4 14. Nb1 fxe5 15. Bxf8 Bxf8 16. dxe5 Ndxe5 17. Nxe5 Nxe5 18. Qf4 Ng6 19. Qd4 Bh6+ 20. Nd2 Bg7 21.
Qc5 c3 22. bxc3 bxc3 23. Nb3 a5 24. a4 Qg5+ 25. Kb1 Qxg4 26. Bb5 Qf4 27. Rdf1 Qb8 28. Rf3 Ra7 29. Rhf1 Rc7 30. Qd6 e5 31. Qd8+ Nf8 32.
Be8 Rb7 33. Bxf7+ Kh8 34. Bxd5 1-0

[Event "*** SCC Grand Prix: Titled Tuesday Blitz"]
[Site "Chess.com"]
[Date "2020.08.11"]
[Round "10"]
[White "peixe64"]
[Black "WiktoriaPOL"]
[Result "1-0"]
[WhiteElo "2306"]
[BlackElo "1895"]
[TimeControl "180+1"]
[EndTime "11:57:16 PDT"]
[Termination "peixe64 won by resignation"]

1. d4 Nf6 2. c4 g6 3. Nc3 Bg7 4. e4 d6 5. h3 O-O 6. Bg5 c5 7.
d5 h6 8. Be3 Nbd7 9. Nf3 Rb8 10. Bd3 a6 11. a4 Ne5 12. Nxe5 dxe5 13. Bxc5 Qc7 14. Be3 Ne8 15. O-O Nd6 16. c5 Ne8 17. Rc1 f5 18. f3 Nf6 19. b4 f4 20. Bf2 g5 21. b5 h5 22. b6 Qd8 23. c6 Qe8 24.
Bc4 Kh8 25. c7 Ra8 26. d6 exd6 27. Qxd6 Qg6 28. Nd5 g4 29. Nxf6 Bxf6 30. hxg4 hxg4 31. Qxf8+ Kh7 32. fxg4 Bxg4 33. Qxa8 Bh3 34. Qg8+ Qxg8 35.
Bxg8+ Kxg8 36. gxh3 1-0

[Event "*** SCC Grand Prix: Titled Tuesday Blitz"]
[Site "Chess.com"]
[Date "2020.08.11"]
[Round "10"]
[White "sergiochess83"]
[Black "GMBenjaminBok"]
[Result "1-0"]
[WhiteElo "2851"]
[BlackElo "2905"]
[TimeControl "180+1"]
[EndTime "11:57:17 PDT"]
[Termination "sergiochess83 won by resignation"]

1. e4 c5 2. Nf3 d6 3. d4 cxd4 4.
Nxd4 Nf6 5. Nc3 a6 6. Be3 e5 7.
Nb3 Be6 8. f3 Be7 9. Qd2 O-O 10.
O-O-O Nbd7 11. g4 b5 12. g5 Nh5 13. Kb1 Nb6 14. Na5 Rc8 15. Nd5 Nxd5 16. exd5 Bxd5 17.
Qxd5 Qxa5 18. Bd3 g6 19. c4 Nf4 20. Bxf4 exf4 21. h4 Rc5 22. Qe4 Re5 23. Qxf4 Rc8 24. h5 Bxg5 25. Qg4 Rb8 26. hxg6 hxg6 27. f4 bxc4 28.
Bxc4 Rxb2+ 29. Kxb2 Qb4+ 30. Bb3 Bf6 31. Qxg6+ 1-0

[Event "*** SCC Grand Prix: Titled Tuesday Blitz"]
[Site "Chess.com"]
[Date "2020.08.11"]
[Round "10"]
[White "Goryachkina"]
[Black "juancruzarias"]
[Result "1-0"]
[WhiteElo "2552"]
[BlackElo "2348"]
[TimeControl "180+1"]
[EndTime "11:57:18 PDT"]
[Termination "Goryachkina won by resignation"]

1. e4 e6 2. d4 d5 3. exd5 exd5 4. Bd3 Nc6 5. c3 Bd6 6. Qf3 Nge7 7. Ne2 Be6 8. Bf4 Qd7 9. h3 O-O-O 10. Nd2 Rde8 11. O-O-O Na5 12. Rhe1 Ng6 13. Bxd6 Qxd6 14. g3 Kb8 15.
Nb3 Nxb3+ 16. axb3 Re7 17. h4 Rhe8 18. h5 Nf8 19. Kd2 h6 20. Nf4 a6 21. Re3 c6 22.
Rde1 Bd7 23. Ng2 Ne6 24. Qe2 Kc7 25. Kc1 Kd8 26. Re5 Ng5 27. f4 f6 28. Rxe7 Rxe7 29. Qxe7+ Qxe7 30. Rxe7 Kxe7 31. fxg5 hxg5 32. Kd2 f5 33. Ke3 Kf6 34. b4 Be8 35. Be2 Bf7 36.
Ne1 g4 37. Nd3 Bxh5 38. Nc5 g5 39. Nxb7 f4+ 40. gxf4 gxf4+ 41. Kxf4 g3 42. Bf1 Be2 43. Bg2 1-0